AoeStats
← Dr. Prince

Arabia

510017502Analyzed
2v2 RM · 2d ago on Sep 29, 2026· 55m 3s· 4 players
Game mode
Random Map
Map size
Medium (4 player)
Population
200
Speed
Normal
Resources
Standard
Victory
Conquest
Starting age
Dark Age
Ending age
Imperial Age
RankedLock teamsTeams togetherTeam positionsShared explorationLock speedFull tech treeHidden civsTurbo modeCheats
Victory
Defeat
🇺🇸 Shu · United States
1127
+20
🇺🇸 Celts · United States
1126
+20
🇧🇷 Ethiopians · Brazil
1239
-21
🇧🇷 Varangians · Brazil
1186
-19
Dr. Prince
6:26 Loom
9:18 Feudal Age
17:46 Castle Age
16:04 Fletching
16:21 Double-Bit Axe
19:40 Padded Archer Armor
24:47 Wheelbarrow
26:13 Leather Archer Armor
27:44 Ballistics
29:44 Scale Barding Armor
31:37 Elite Skirmisher
34:56 Town Watch
36:28 Husbandry
40:04 Imperial Age
38:30 Chain Barding Armor
38:32 Horse Collar
39:44 Scale Mail Armor
44:33 Chain Mail Armor
45:19 Murder Holes
45:20 Bodkin Arrow
45:54 Bow Saw
46:02 Pikeman
48:59 Coiled Serpent Array
49:42 Hand Cart
49:50 Thumb Ring
50:58 Chemistry
50:29 Plate Mail Armor
50:06 Bracer
50:18 Forging
51:36 Ring Archer Armor
52:04 Siege Engineers
52:09 Masonry
52:57 Gold Mining
53:49 Heavy Plow
54:51 Two-Man Saw
54:40 Plate Barding Armor
55:22 Stone Mining
Grog Father
9:01 Feudal Age
9:03 Man-at-Arms
10:02 Double-Bit Axe
11:46 Horse Collar
17:53 Loom
20:33 Castle Age
18:54 Scale Mail Armor
19:34 Gold Mining
20:33 Forging
20:45 Pikeman
22:03 Bow Saw
21:56 Heavy Plow
23:00 Wheelbarrow
23:56 Gold Shaft Mining
25:44 Stone Mining
31:32 Stone Shaft Mining
38:02 Imperial Age
37:28 Iron Casting
37:08 Chain Mail Armor
38:06 Heavy Scorpion
41:08 Halberdier
43:37 Plate Mail Armor
44:07 Blast Furnace
45:54 Blast Furnace
45:40 Siege Engineers
47:56 Chemistry
48:23 Ballistics
50:20 Arson
52:48 Fletching
PNLN | TL
7:13 Loom
10:22 Feudal Age
12:14 Double-Bit Axe
13:09 Bloodlines
19:03 Forging
19:23 Horse Collar
23:51 Castle Age
22:16 Scale Barding Armor
23:09 Gold Mining
25:24 Husbandry
26:40 Iron Casting
26:26 Chain Barding Armor
32:05 Bow Saw
34:30 Vendel Legacy
42:04 Imperial Age
40:10 Wheelbarrow
42:16 Fletching
42:33 Cavalier
44:45 Two-Man Saw
43:46 Heavy Plow
43:38 Stone Mining
47:28 Light Cavalry
Portel4
7:36 Loom
10:42 Feudal Age
12:53 Fletching
13:41 Double-Bit Axe
15:58 Padded Archer Armor
22:44 Castle Age
22:54 Crossbowman
23:30 Bodkin Arrow
24:26 Wheelbarrow
25:21 Bow Saw
25:38 Leather Archer Armor
30:01 Hand Cart
29:35 Horse Collar
32:27 Thumb Ring
34:49 Scale Barding Armor
34:54 Forging
38:42 Imperial Age
36:41 Chain Barding Armor
38:14 Iron Casting
39:12 Husbandry
38:59 Cavalier
41:35 Heavy Camel Rider
44:06 Town Watch
44:49 Town Patrol
44:13 Light Cavalry
46:11 Bracer
46:34 Ballistics
47:15 Chemistry
47:47 Conscription
48:11 Arbalester
51:30 Ring Archer Armor
52:19 Blast Furnace
51:41 Hussar
Connection lost

Rejoining the realm…

Still unreachable

The connection could not be restored.

Session expired

The server has moved on; the page needs a fresh start.